 Dungeon Crawl Stone Soup version 0.16.2-12-gd0ad4c3 (webtiles) character file.

111 Kira the Sneak (level 4, -1/21 HPs)
             Began as a Spriggan Enchanter on Oct 20, 2015.
             Killed by nerve-wracking pain
             ... invoked by an orc priest
              (12 damage)
             ... on level 3 of the Dungeon.
             The game lasted 00:09:36 (1721 turns).

Kira the Sneak (Spriggan Enchanter)                 Turns: 1721, Time: 00:09:36

Health: -1/21      AC: -1    Str:  4    XL:     4   Next: 62%
Magic:  9/14       EV: 18    Int: 17    God:
Gold:   178        SH:  0    Dex: 16    Spells: 3 memorised, 4 levels left

rFire  . . .     SeeInvis +     a - +1 dagger
rCold  . . .     Clarity  .     b - +1 robe
rNeg   . . .     SustAb   .     (shield restricted)
rPois  .         Gourm    .     (helmet restricted)
rElec  .         Spirit   .     f - +0 cloak
rCorr  +         Warding  .     (gloves unavailable)
rMut   .         Stasis   .     (boots unavailable)
MR     .....                    p - amulet of resist corrosion
Stlth  ++++......               (no ring)
                                n - -5 ring of protection (curse)

@: very quick, not resistant to hostile enchantments, stealthy
A: unfitting armour, see invisible, herbivore 3, speed 3, slow metabolism 2
a: no special abilities


You were on level 3 of the Dungeon.
You were not hungry.

You visited 1 branch of the dungeon, and saw 3 of its levels.

You collected 178 gold pieces.

Inventory:

Hand weapons
 a - a +1 dagger (weapon)
Armour
 b - a +1 robe (worn)
 f - a +0 cloak (worn)
Jewellery
 n - a cursed -5 ring of protection (left hand)
 p - an amulet of resist corrosion (around neck)
Scrolls
 e - a scroll of fog {unknown}
 g - 3 scrolls of identify
 h - a scroll of teleportation
 j - a scroll of remove curse {unknown}
 l - a scroll of magic mapping
Potions
 i - a potion of poison {unknown}
 k - a potion of heal wounds {unknown}
 m - 3 potions of agility {unknown}
 o - a potion of ambrosia {unknown}
 q - 2 potions of curing {unknown}
Books
 c - a book of Maledictions

   Spells                             Type                      Level
   a - Corona                         Hexes                        1
   b - Sure Blade                     Hexes/Charms                 2
   c - Ensorcelled Hibernation        Hexes/Ice                    2
   d - Confuse                        Hexes                        3
   e - Dazzling Spray                 Conjuration/Hexes            3
   f - Enslavement                    Hexes                        4
 r - a book of Unlife

   Spells                             Type                      Level
   a - Recall                         Summoning/Translocation      3
   b - Animate Dead                   Necromancy                   4
   c - Control Undead                 Necromancy                   4
   d - Cigotuvi's Embrace             Necromancy                   5
   e - Death Channel                  Necromancy                   6
   f - Simulacrum                     Ice/Necromancy               6
Comestibles
 d - 2 bread rations


   Skills:
 + Level 0.4 Fighting
 + Level 1.2 Short Blades
 + Level 3.4 Dodging
 + Level 6.7 Stealth
 + Level 3.6 Spellcasting
 + Level 4.2 Hexes


You had 4 spell levels left.
You knew the following spells:

 Your Spells              Type           Power        Failure   Level  Hunger
a - Corona                Hex            ###....      2%          1    None
b - Ensorcelled Hibernat  Hex/Ice        ##....       12%         2    ##.....
c - Confuse               Hex            ###.....     10%         3    ###....


Dungeon Overview and Level Annotations

Branches:
Dungeon (3/15)

Altars:


Innate Abilities, Weirdness & Mutations

You are tiny and cannot use many weapons and most armour.
You have supernaturally acute eyesight.
You are a herbivore.
You cover ground extremely quickly.
You need consume almost no food.


Message History

Casting: Ensorcelled Hibernation
Confirm with . or Enter, or press ? or * to list all spells.
Aiming: Ensorcelled Hibernation
Press: ? - help, Shift-Dir - straight line, f - orc
Aim: an orc, wielding a flail and wearing a leather armour (chance 59%)
The orc looks drowsy...
The helpless orc fails to defend itself.
You impale the orc!!
You kill the orc!
The orc priest shouts!
Casting: Ensorcelled Hibernation
Confirm with . or Enter, or press ? or * to list all spells.
Aiming: Ensorcelled Hibernation
Press: ? - help, Shift-Dir - straight line, f - orc priest
Aim: an orc priest, wielding a falchion and wearing a leather armour (chance 41%)
The orc priest resists with some effort.
The orc priest calls down the wrath of Beogh upon you.
Pain shoots through your body!
Ouch! That really hurt!
You die...

##### ## #... .#
####.###### .#
#.........##.#
#......###.#.#####
#.#....# #....)..#
#.#....###...#.#.#
#.#.###[)o###.o....
#.....@.### ....#
#.......# oo##
###.##### .## ###
#)# # #.. #.# #.#
#.# ##+## #.# #.#
##...###.# # ###.##
##.....##.# #
#....##
##...<...#.###


You could see an orc priest.

Vanquished Creatures
  An orc wizard (D:3)
  A hound skeleton (D:3)
  A giant mite (D:3)
  4 giant geckos
  4 orcs (D:3)
  6 bats
  3 giant cockroaches
  7 hobgoblins
  A quokka (D:2)
  A ball python (D:1)
  4 giant newts
  7 goblins
  2 jackals (D:3)
  7 kobolds
  5 rats
54 creatures vanquished.

Notes
Turn   | Place    | Note
--------------------------------------------------------------
     0 | D:1      | Kira, the Spriggan Enchanter, began the quest for the Orb.
     0 | D:1      | Reached XP level 1. HP: 9/9 MP: 4/4
   122 | D:1      | Reached XP level 2. HP: 8/13 MP: 1/8
   185 | D:1      | Learned a level 2 spell: Ensorcelled Hibernation
   461 | D:1      | Reached skill level 5 in Stealth
   622 | D:2      | Reached XP level 3. HP: 16/16 MP: 2/11
  1370 | D:3      | Reached skill level 6 in Stealth
  1376 | D:3      | Learned a level 3 spell: Confuse
  1417 | D:3      | Reached XP level 4. HP: 13/21 MP: 6/14
  1721 | D:3      | Killed from afar by an orc priest

Action                   |  1- 3 |  4- 6 || total
-------------------------+-------+-------++-------
Melee: Dagger            |   105 |    12 ||   117
 Cast: Corona            |    13 |       ||    13
       Ensorcelled Hiber |    15 |    13 ||    28
  Use: Scroll            |     2 |     2 ||     4
 Stab: Sleeping          |    29 |     8 ||    37
